 Dungeon Crawl Stone Soup version 0.31-a0-851-g7ff8af7976 (webtiles) character file.

Game seed: 1458379976590843737

5191 BinkBink the Cleaver (level 10, -6/91 HPs)
             Began as a Hill Orc Fighter on Oct 5, 2023.
             Was a High Priest of Beogh.
             Mangled by a two-headed ogre
             ... wielding a +0 giant club
              (23 damage)
             ... on level 10 of the Dungeon.
             The game lasted 00:15:54 (9725 turns).

BinkBink the Cleaver (Hill Orc Fighter)             Turns: 9725, Time: 00:15:55

Health: -6/91      AC: 11    Str: 24    XL:     10   Next: 60%
Magic:  10/10      EV:  9    Int:  8    God:    Beogh [*****.]
Gold:   645        SH:  5    Dex: 10    Spells: 9/9 levels left

rFire   . . .        t - +6 hand axe (vamp)
rCold   . . .        c - +0 buckler
rNeg    . . .        b - +0 scale mail
rPois   .            y - +0 helmet
rElec   .            (no cloak)
rCorr   .            (no gloves)
SInv    .            x - +1 pair of boots {rampage}
Will    .....        a - amulet of regeneration Stlth
                     (no ring)
HPRegen 1.15/turn    (no ring)
MPRegen 0.12/turn

%: rampage
@: studying Fire Magic
A: walk on water
a: Renounce Religion, Smiting, Recall Orcish Followers, Give Item to Named
Follower


You were on level 10 of the Dungeon.
You worshipped Beogh.
Beogh was extremely pleased with you.
You visited 1 branch of the dungeon, and saw 10 of its levels.

You collected 669 gold pieces.
You spent 24 gold pieces at shops.

Inventory:

Hand Weapons
 n - the +4 short sword of Purpose {freeze, Str+2 Dex+2}
   (You found it on level 3 of the Dungeon)

   Str+2:     It affects your strength (+2).
   Dex+2:     It affects your dexterity (+2).
 t - a +6 vampiric hand axe (weapon)
Missiles
 e - a throwing net
Armour
 b - a +0 scale mail (worn)
 c - a +0 buckler (worn)
 p - a +0 plate armour
 x - a +1 pair of boots of rampaging (worn)
 y - a +0 helmet (worn)
 E - the +4 robe of Folly {Brill Will-∞ Int+8}
   (You found it on level 9 of the Dungeon)

   Brill:     It increases the power of your magical spells and halves their MP
   cost (rounding up).
   Will-∞: It reduces your willpower to zero.
   Int+8:     It affects your intelligence (+8).
Jewellery
 a - an amulet of regeneration (around neck)
 j - a ring of positive energy
 u - an amulet of magic regeneration
 B - a ring of wizardry
 D - a ring of wizardry
 F - an amulet of reflection
Wands
 h - a wand of digging (2)
 m - a wand of flame (47)
 r - a wand of paralysis (6)
Scrolls
 g - 5 scrolls of teleportation
 i - 2 scrolls of immolation
 k - a scroll of noise
 o - 4 scrolls of enchant armour
 z - a scroll of acquirement {unknown}
 C - a scroll of silence {unknown}
 G - a scroll of vulnerability {unknown}
Potions
 d - a potion of might
 f - a potion of degeneration
 l - 2 potions of curing
 q - 2 potions of lignification
 s - 2 potions of resistance {unknown}
 v - 2 potions of mutation {unknown}
 A - 2 potions of enlightenment {unknown}


   Skills:
 + Level 9.0 Fighting
 * Level 12.9 Axes
 + Level 8.2 Armour
 + Level 8.2 Shields


You had 9 spell levels left.
You didn't know any spells.
Your spell library contained the following spells:

 Spells                   Type           Power      Damage    Failure   Level
 Ensorcelled Hibernation  Hex/Ice        0%         N/A       86%         2
 Jinxbite                 Hex            0%         N/A       86%         2
 Poisonous Vapours        Pois/Air       0%         N/A       86%         2
 Call Canine Familiar     Summ           0%         N/A       97%         3
 Gell's Gravitas          Tloc           0%         N/A       97%         3
 Mephitic Cloud           Conj/Pois/Air  0%         N/A       97%         3
 Sigil of Binding         Hex            0%         N/A       97%         3
 Teleport Other           Tloc           0%         N/A       97%         3
 Anguish                  Hex/Necr       0%         N/A       100%        4
 Dimensional Bullseye     Hex/Tloc       0%         N/A       100%        4
 Leda's Liquefaction      Hex/Erth       0%         N/A       100%        4
 Freezing Cloud           Conj/Ice/Air   0%         6-21      100%        5
 Dispersal                Tloc           0%         N/A       100%        6


Dungeon Overview and Level Annotations

Branches:
Dungeon (10/15)            Temple (0/1) D:5             Orc (0/2) D:9
   Lair: D:8-11

Altars:
Cheibriados
Dithmenos
Kikubaaqudgha
Nemelex Xobeh
Okawaru
Yredelemnul
Zin
The Shining One
Beogh

Shops:
D:2 [   D:3 ?   D:8 (

Annotations:
D:3 1 runed translucent door, Crazy Yiuf
D:4 2 runed translucent doors, Opifex's ghost, amateur DsSh


Message History

You barely miss something. Something hits you but does no damage.
Something hits you.
Something unexpectedly blocks you, preventing you from rampaging!
You miss something. Something hits you. x2
Something unexpectedly blocks you, preventing you from rampaging!
You slash something! Something hits you.
Something unexpectedly blocks you, preventing you from rampaging!
You slash something!
You feel better. Beogh accepts your kill.
Reactivating autopickup.
You feel a bit more experienced.
Your Fighting skill increases to level 9!
You rampage towards the two-headed ogre!
You hit the two-headed ogre.
You feel better.
The two-headed ogre is lightly wounded.
The two-headed ogre closely misses you.
The two-headed ogre hits you with a +0 giant club!
You are too injured to fight recklessly!
You are too injured to fight recklessly!
You are too injured to fight recklessly!
You closely miss the two-headed ogre.
The two-headed ogre is lightly wounded.
You slash the two-headed ogre!
You feel better.
The two-headed ogre is moderately wounded.
You block the two-headed ogre's attack.
The two-headed ogre hits you with a +0 giant club.
You hit the two-headed ogre.
The two-headed ogre is heavily wounded.
You slash the two-headed ogre!
You feel better.
The two-headed ogre is heavily wounded.
The two-headed ogre hits you with a +0 giant club!!
* * * LOW HITPOINT WARNING * * *
The two-headed ogre hits you with a +0 giant club!
* * * LOW HITPOINT WARNING * * *
You slash the two-headed ogre!
The two-headed ogre is severely wounded.
You slash the two-headed ogre!
You feel better.
The two-headed ogre is almost dead.
The two-headed ogre hits you with a +0 giant club!!
You die...

#..#<.##........
#...........#.#.
#....####...#.#.
#...........#.#.
#...............
#........#.##.## #
#......#<#.##...
###.#.#####......#....#...
+......OO@'......###..#.8.
#####.#l###...........#...
W. #.. #..#...####.#...
#.. #..##.##....>))o#.##
## #####.........).....
#.........#...##
#......##.#..... #...##
#.#..... ........


You could see 2 two-headed ogres and a wyvern.

Vanquished Creatures
  An unseen horror (D:10)
  3 shadows
  A wraith (D:10)
  4 wyverns
  A yak (D:10)
  2 orc warriors
  3 ice beasts (D:7)
  A black bear (D:6)
  A sky beast (D:7)
  3 centaurs
  2 phantoms
  A kobold brigand (D:8)
  7 scorpions
  3 wights (D:9)
  6 killer bees (D:9)
  6 electric eels (D:9)
  2 howler monkeys
  3 orc priests
  3 hounds
  2 jellies
  2 gnoll boudas
  9 iguanas
  An iron imp (D:10)
  Jessica (D:3)
  Terence (D:3)
  3 orc wizards
  9 gnolls
  9 adders
  An ufetubus (D:4)
  2 worms (D:2)
  2 dart slugs (D:1)
  11 orcs
  14 ball pythons
  7 endoplasms
  2 giant cockroaches
  7 goblins
  7 hobgoblins
  7 quokkas
  15 bats
  6 frilled lizards
  12 kobolds
  9 rats
192 creatures vanquished.

Vanquished Creatures (collateral kills)
  A steam dragon (D:6)
  A sky beast (D:7)
  2 scorpions (D:8)
  4 wights
  A killer bee (D:9)
  An electric eel (D:9)
  A hound (D:7)
  2 sleepcaps (D:6)
  7 orcs
  A kobold (D:8)
21 creatures vanquished.

Vanquished Creatures (others)
  3 orc warriors
  An orc wizard (D:10)
  9 orcs
13 creatures vanquished.

Grand Total: 226 creatures vanquished

Notes
Turn   | Place    | Note
-------+----------+-------------------------------------------
     0 | D:1      | BinkBink the Hill Orc Fighter began the quest for the Orb.
     0 | D:1      | Reached XP level 1. HP: 19/19 MP: 1/1
    41 | D:1      | Reached skill level 3 in Axes
    73 | D:1      | Reached XP level 2. HP: 23/27 MP: 2/2
   217 | D:1      | Found a faded altar of an unknown god.
   269 | D:1      | Prayed at the altar of an unknown god.
   269 | D:1      | Became a worshipper of Beogh the Brigand
   269 | D:1      | Reached * piety under Beogh
   342 | D:1      | Reached XP level 3. HP: 33/33 MP: 3/3
   963 | D:2      | Reached skill level 4 in Axes
  1005 | D:2      | Reached ** piety under Beogh
  1095 | D:2      | Reached XP level 4. HP: 40/40 MP: 4/4
  1100 | D:2      | Found Ufentod's Antique Armour Emporium.
  2009 | D:3      | Identified the +4 short sword of Purpose {freeze, Str+2
                  | Dex+2}
  2318 | D:3      | Noticed Jessica
  2325 | D:3      | Killed Jessica
  2326 | D:3      | Reached XP level 5. HP: 40/47 MP: 5/5
  2327 | D:3      | Found The Oracle's Delphic Readings.
  2331 | D:3      | Bought a scroll of identify for 24 gold pieces
  2381 | D:3      | Reached skill level 5 in Axes
  2593 | D:3      | Reached *** piety under Beogh
  2615 | D:3      | Noticed Terence
  2622 | D:3      | Killed Terence
  2623 | D:3      | Reached XP level 6. HP: 46/53 MP: 6/6
  2939 | D:3      | Found a runed translucent door.
  2940 | D:3      | Noticed Crazy Yiuf
  3405 | D:4      | Found a basalt altar of Yredelemnul.
  3559 | D:4      | Found a runed translucent door.
  3565 | D:4      | Noticed Opifex's ghost (amateur DsSh)
  3685 | D:4      | Found a runed translucent door.
  3913 | D:4      | Reached skill level 5 in Fighting
  3913 | D:4      | Reached skill level 6 in Axes
  4016 | D:4      | Reached XP level 7. HP: 61/61 MP: 7/7
  4243 | D:5      | Entered Level 5 of the Dungeon
  4470 | D:4      | Reached skill level 7 in Axes
  4470 | D:4      | Reached skill level 5 in Armour
  4470 | D:4      | Reached skill level 5 in Shields
  5231 | D:5      | Reached XP level 8. HP: 19/70 MP: 8/8
  5327 | D:5      | Reached skill level 8 in Axes
  5523 | D:5      | Found an iron altar of Okawaru.
  5523 | D:5      | Found an ancient bone altar of Kikubaaqudgha.
  5647 | D:5      | Found a staircase to the Ecumenical Temple.
  6197 | D:6      | Reached skill level 9 in Axes
  6606 | D:6      | Reached **** piety under Beogh
  7005 | D:7      | Reached XP level 9. HP: 78/78 MP: 9/9
  7175 | D:7      | Reached skill level 10 in Axes
  7824 | D:8      | Found Qiabelas's Weapon Shop.
  7928 | D:8      | Found a sparkling altar of Nemelex Xobeh.
  7943 | D:8      | Found a shadowy altar of Dithmenos.
  8170 | D:8      | Reached skill level 11 in Axes
  8176 | D:8      | Found the +11 Singing Sword {sonic wave}
  8257 | D:8      | Found a glowing silver altar of Zin.
  8540 | D:9      | Found the +4 robe of Folly {Brill Will-∞ Int+8}
  8639 | D:9      | HP: 6/121 [electric eel/bolt of electricity (3)]
  8647 | D:9      | Gained Milork as an ally
  8762 | D:9      | Reached XP level 10. HP: 46/88 MP: 10/10
  8889 | D:9      | Reached skill level 12 in Axes
  8996 | D:9      | Found a staircase to the Orcish Mines.
  9001 | D:9      | Found a glowing golden altar of the Shining One.
  9477 | D:10     | Entered Level 10 of the Dungeon
  9484 | D:10     | Reached ***** piety under Beogh
  9519 | D:10     | Found a snail-covered altar of Cheibriados.
  9577 | D:10     | Your ally Milork died
  9592 | D:10     | Paralysed by a hornet for 1 turns
  9595 | D:10     | HP: 2/90 [troll (5)]
  9675 | D:10     | Noticed a two-headed ogre
  9680 | D:10     | Noticed a two-headed ogre
  9718 | D:10     | Killed an unseen horror
  9725 | D:10     | Mangled by a two-headed ogre

Illustrated notes

Levels and vault maps discovered:
D:1:      dpeg_arrival_houses_and_road, layout_basic,
          ebering_ecumenical_altar_hall
D:2:      layout_basic, serial_shops, shop
D:3:      layout_loops_corners, gup_sewer_entry_glass,
          nicolae_nh_oracle_at_delphi, uniq_jessica, uniq_crazy_yiuf_cottage,
          uniq_terence
D:4:      layout_loops_corners, nicolae_overflow_crystal_walls,
          ebering_ghost_sewer_f
D:5:      layout_cave_pools, nicolae_overflow_two_pavilions,
          minmay_temple_entry_antechambers, minmay_holes
D:6:      layout_cave_pods, minmay_misc_feat_columns
D:7:      layout_loops_ring
D:8:      old_forge, layout_basic, kennysheep_little_box,
          grunt_dithmenos_smoke_and_mirrors, zin_scriptorium, serial_shops,
          nicolae_shop_trees, item_on_display_a
D:9:      layout_gridville, tso_metal_star, orc_0_dummy,
          dreamdust_deal_with_the_devil, kennysheep_boxes
D:10:     minmay_the_grid_3x3 [minmay_the_grid_empty, minmay_the_grid_tiny_cups,
          minmay_the_grid_aliased_spiral, minmay_the_grid_rooms,
          minmay_the_grid_outer_diamond, minmay_the_grid_spin_star,
          minmay_the_grid_plusring, minmay_the_grid_all_tris,
          minmay_the_grid_prize_inner_circle], layout_basic, slow_altar_2,
          enter_bailey_3, grunt_potential, uniq_urug, uniq_josephine,
          uniq_joseph

Skill      XL: |  1  2  3  4  5  6  7  8  9 10 |
---------------+-------------------------------+-----
Axes           | 3 4 5 6 7 9 11 12 | 12.9
Fighting       | 4 5 6 8 9 |  9.0
Armour         | 4 5 6 7 8 |  8.2
Shields        | 4 5 6 7 8 |  8.2

Action                     |  1- 3 |  4- 6 |  7- 9 | 10-12 || total
---------------------------+-------+-------+-------+-------++-------
  Melee: War axe           |   114 |   178 |   151 |       ||   443
         Hand axe          |       |       |   174 |   137 ||   311
    Use: Potion            |       |       |     5 |     1 ||     6
         Scroll            |       |       |     7 |     3 ||    10
   Stab: Distracted        |       |       |     1 |       ||     1
 Armour: Scale mail        |    86 |    98 |   267 |   121 ||   572
         Skin              |       |       |     6 |       ||     6
  Dodge: Dodged            |    58 |    83 |   111 |    53 ||   305
  Block: Buckler           |    24 |    51 |    68 |    39 ||   182

Table legend: (Time is in decaauts)
 A = Elapsed time spent in this place.
 B = Non-inter-level travel time spent in this place.
 C = Inter-level travel time spent in this place.
 D = Time resting spent in this place.
 E = Time spent auto-exploring this place.
 F = Levels seen in this place.
 G = Mean time per level.
                   A        B        C        D        E       F      G
               +--------+--------+--------+--------+--------+-----+--------+
         Total |   9808 |   9433 |    375 |     38 |   7748 |  10 |  980.8 |
       Dungeon |   9808 |   9433 |    375 |     38 |   7748 |  10 |  980.8 |
               +--------+--------+--------+--------+--------+-----+--------+

Top non-repeatable levels by time:
     D:4: 1673 daAuts
     D:3: 1294 daAuts
     D:6: 1141 daAuts
     D:2: 1043 daAuts
     D:9: 1004 daAuts
     D:5: 957 daAuts
     D:7: 911 daAuts
     D:1: 880 daAuts
     D:8: 670 daAuts
    D:10: 231 daAuts
